Cogmind - Beta 15 @@@ ROGUE MODE // 2025.08.02 @ 19:59:48 Player: Mogwok Wargfriend Result: Destroyed by D-53 Grenadier with Mini Grenade Launcher Performance ------------- Evolutions (1) 500 Regions Visited (4) 800 Robots Destroyed (82) 410 Value Destroyed (1424) 1424 Prototype IDs (6) 120 Alien Tech Used (0) 0 Bonus (116) 116 TOTAL SCORE: 3370 Bonus ------- High Alert Combat Kills 11 Follower Combat Kills 105 Cogmind --------- Core Integrity 0/400 Matter 278/300 Energy 240/240 System Corruption 4% Temperature Cool (8) Movement Rolling (120) Ox2 Location -9/Mines Parts ------- > --- POWER (1) -------- Nuclear Core > --- PROPULSION (2) --- Armored Wheel > --- UTILITY (4) ------ Large Storage Unit Hacking Suite System Shield > --- WEAPON (2) ------- Enhanced Autogun > --- INVENTORY (15) --- Heavy Ion Engine Improved Aluminum Leg Wheel Wheel Armored Wheel Heat Sink Large Storage Unit High-capacity Matter Pod (200) Hacking Suite System Shield Mining Laser Mace Katana Peak State ------------ > --- POWER ------------ Heavy Ion Engine > --- PROPULSION ------- Wheel Armored Wheel > --- UTILITY ---------- Large Storage Unit Signal Interpreter Hacking Suite System Shield > --- WEAPON ----------- Enhanced Autogun Enhanced Autogun > --- INVENTORY -------- Heavy Ion Engine Nuclear Core Armored Wheel Armored Wheel Heat Sink Large Storage Unit High-capacity Matter Pod Light Armor Plating Hacking Suite System Shield Mace [Rating: 24] Favorites ----------- Power Nuclear Core Engine Ion Engine Power Core Nuclear Core Propulsion Wheel Wheel Wheel Utility Signal Interpreter Device Seismic Detector Storage Large Storage Unit Processor Signal Interpreter Hackware Hacking Suite Protection Light Armor Plating Weapon Autogun Energy Gun Small Laser Ballistic Gun Autogun Launcher Grenade Launcher Special Weapon Mining Laser Impact Weapon Maul Build | -11 -10 -10 -9 -9 ------- Run | Yrd Mat Min Mat Min Slots Evolved 2 | . . . 2 . Power . | . . . . . Propulsion . | . . . . . Utility 2 | . . . 2 . Weapon . | . . . . . Parts Attached 41 | 7 10 1 17 6 Power 9 | 1 3 . 4 1 Engine 7 | 1 3 . 3 . Core 2 | . . . 1 1 Reactor . | . . . . . Propulsion 10 | 2 3 . 4 1 Treads . | . . . . . Leg . | . . . . . Wheel 10 | 2 3 . 4 1 Hover . | . . . . . Flight . | . . . . . Utility 10 | 2 2 . 3 3 Device 4 | 1 . . 1 2 Storage 2 | 1 1 . . . Processor 1 | . 1 . . . Hackware 2 | . . . 2 . Protection 1 | . . . . 1 Artifact . | . . . . . Weapon 12 | 2 2 1 6 1 Energy Gun 2 | 2 . . . . Energy Cannon . | . . . . . Ballistic Gun 7 | . 2 . 5 . Ballistic Cannon . | . . . . . Launcher 1 | . . . . 1 Special Weapon 1 | . . 1 . . Impact Weapon 1 | . . . 1 . Slashing Weapon . | . . . . . Piercing Weapon . | . . . . . Special Melee Weapon . | . . . . . Unidentified Prototypes 2 | . . . 2 . Parts Lost 16 | . 4 . 3 9 Power 2 | . 1 . . 1 Propulsion 7 | . 2 . 3 2 Utility 3 | . 1 . . 2 Weapon 4 | . . . . 4 Highest Loss Streak 7 | . 2 . 1 7 To Critical Strikes . | . . . . . Average Backups 12 | 3 8 14 14 11 Power 1 | . . 1 2 1 Propulsion 1 | 1 1 2 1 2 Utility 4 | . 1 5 5 5 Weapon 4 | . 4 5 4 2 Tool/Special . | . . . . . Unused Backups 26 | . 6 . 9 11 Power 3 | . . . 2 1 Propulsion 8 | . 4 . 1 3 Utility 6 | . 1 . 1 4 Weapon 9 | . 1 . 5 3 Tool/Special . | . . . . . Average Slot Usage (%) 98 | . 97 100 98 92 Engine 8 | . 14 14 4 5 Core 3 | . . . 6 5 Wheel 23 | . 26 28 20 21 Device 1 | . 2 . . 4 Storage 12 | . 14 14 11 11 Processor 11 | . 11 14 11 4 Hackware 12 | . . . 21 22 Energy Gun 3 | . 12 . . . Ballistic Gun 19 | . 15 21 20 15 Peak Build Rating 24 | 7 11 11 23 24 Average Rating 15 | 5 9 10 21 21 On Entrance 9 | . 7 11 10 21 Naked Turns . | . . . . . Heaviest Build 37 | 12 31 31 35 37 Greatest Support 32 | 32 32 20 28 22 Greatest Overweight (x) 3 | 3 1 1 3 2 Average Overweight (x) 1 | . . 1 1 1 Largest Inventory Capacity 15 | 8 15 15 15 15 Average Capacity 13 | 7 9 15 15 15 Most Carried 15 | 8 13 15 15 14 Average Carried 12 | 3 8 14 14 11 Final Capacity 15 | 8 15 15 15 15 Final Carried 15 | 8 13 15 14 13 Class Distribution -------------------- 52% | Hacker-Mutant 44% | Mutant 3% | Scavenger-Mutant Dominant Class ---------------- Mutant | -10/Materials Mutant | -10/Mines Hacker-Mutant | -9/Materials Hacker-Mutant | -9/Mines Resources | -11 -10 -10 -9 -9 ----------- Run | Yrd Mat Min Mat Min Matter Collected 2266 | 270 571 122 1126 177 Remotely . | . . . . . Salvage Created 3151 | 139 459 280 2188 85 Parts 180 | 10 23 17 130 . Haulers Intercepted 8 | . 2 . 6 . Recyclers Shooed 2 | . . . 2 . Parts Field Recycled . | . . . . . Retrieved Matter . | . . . . . Parts Self-Destructed . | . . . . . Prevented . | . . . . . Kills | -11 -10 -10 -9 -9 ------- Run | Yrd Mat Min Mat Min Combat Hostiles Destroyed 45 | . 10 6 22 7 Guns 43 | . 10 6 22 5 AOE 2 | . . . . 2 Classes Destroyed 14 | 3 7 . 3 1 Worker 7 | 1 1 . 5 . Builder 4 | . . . 4 . Tunneler 4 | 3 . 1 . . Hauler 8 | . 2 . 6 . Recycler 11 | 1 . 2 8 . Mechanic 3 | . 1 . 2 . Operator 1 | . 1 . . . Watcher 6 | . 1 . 5 . Swarmer 15 | . 5 6 4 . Grunt 12 | . 3 . 9 . Brawler 1 | . . . 1 . Sentry 8 | . . . 8 . Subdweller 2 | . 2 . . . Assembled 7 | . . . . 7 Best Kill Streak 8 | 4 3 5 8 7 Combat Bots Only 7 | . 2 3 4 7 Max Kills in Single Turn 2 | 1 1 1 2 2 Gunslinging . | . . . . . Exploded 2 | . . . . 2 Melee . | . . . . . Uniques/NPCs Destroyed . | . . . . . Combat | -11 -10 -10 -9 -9 -------- Run | Yrd Mat Min Mat Min Hostile Shots Fired 222 | . 56 16 84 66 Missed 65 | . 18 3 27 17 Hits 157 | . 38 13 57 49 Melee 11 | . . . . 11 Projectile 146 | . 38 13 57 38 AOE 11 | . . . . 11 Critical Strikes 5 | . . . 4 1 Part Disruptions 1 | . . . . 1 Damage Taken 2365 | . 417 107 717 1124 Core 546 | . 127 15 128 276 Absorbed by Shields . | . . . . . Regen/Repaired (Parts) 20 | . 20 . . . Core Remaining (%) 71 | 100 . 43 . . Volleys Fired 271 | 24 71 28 127 21 Largest 2 | 2 2 2 2 2 Hottest 100 | 90 90 100 48 53 Shots Fired 496 | 33 139 42 253 29 Gun 481 | 33 139 28 253 28 Cannon . | . . . . . Launcher 1 | . . . . 1 Special 14 | . . 14 . . Kinetic 353 | . 44 28 253 28 Thermal 142 | 33 95 14 . . Explosive 1 | . . . . 1 Electromagnetic . | . . . . . Robot Hit Streak 16 | 8 16 7 10 4 Robot Miss Streak 4 | 3 4 3 4 2 Penetration Max . | . . . . . Secondary Targets 3 | . . 1 1 1 Max Gunslinging Chain 1 | . . 1 1 1 Shots Hit Robots 289 | 22 84 18 148 17 Core Hits 119 | 6 23 10 66 14 Critical Kills . | . . . . . Critical Parts Destroyed 2 | . 1 . 1 . Critical Strikes 5 | 2 2 . 1 . Burn 3 | 2 1 . . . Destroy 2 | . 1 . 1 . Melee Attacks 23 | . . . 23 . Impact 23 | . . . 23 . Slashing . | . . . . . Piercing . | . . . . . Sneak Attacks 1 | . . . 1 . Combat Hostiles . | . . . . . Follow-up Attacks . | . . . . . Damage Inflicted 4674 | 301 1079 270 2588 436 Guns 4427 | 301 1079 270 2475 302 Cannons . | . . . . . Explosions 134 | . . . . 134 Melee 113 | . . . 113 . Ramming . | . . . . . Kinetic 3425 | . 378 270 2475 302 Thermal 1002 | 301 701 . . . Explosive 134 | . . . . 134 Electromagnetic . | . . . . . Impact 113 | . . . 113 . Slashing . | . . . . . Piercing . | . . . . . Highest Corruption 4 | . . . 4 4 Average Corruption 3 | . . . 3 4 Corruption Purged . | . . . . . Corruption Blocked . | . . . . . Effects 18 | . . . 13 5 Message Errors 3 | . . . 2 1 Matter Fused 7 | . . . 3 4 Heat Flow Errors 1 | . . . 1 . Energy Discharges 1 | . . . 1 . Parts Fused 1 | . . . 1 . Data Loss (minor) 2 | . . . 2 . Data Loss (major) 2 | . . . 2 . Misfires 1 | . . . 1 . Overload Shots . | . . . . . Overflow Damage 91 | . . . 88 3 Projectiles . | . . . . . Explosions 3 | . . . . 3 Melee 88 | . . . 88 . Knockbacks . | . . . . . Impact . | . . . . . Kinetic . | . . . . . Secondary . | . . . . . Self-Inflicted Damage 13 | . . . . 13 Shots 1 | . . . . 1 Rammed 1 | . . . . 1 Targets Rammed 1 | . . . . 1 Kicked . | . . . . . Crushed . | . . . . . Highest Temperature 320 | 120 320 140 259 36 Average Temperature 53 | 43 96 45 14 10 Received Heat Transfer 616 | . 156 . 360 100 Siege Activations . | . . . . . Martial Activations . | . . . . . Shielding Activations . | . . . . . Robots Disrupted . | . . . . . Combat Hostiles . | . . . . . Robots Corrupted . | . . . . . Combat Hostiles . | . . . . . Parts Fried 1 | . . . 1 . Impact Corruptions 2 | . . . 2 . Robots Melted . | . . . . . Combat Hostiles . | . . . . . Parts Melted 5 | . 5 . . . Heat Transferred 2861 | 964 1897 . . . Parts Sabotaged . | . . . . . Parts Stolen . | . . . . . Parts Stripped . | . . . . . Power Chain Reactions . | . . . . . Alert | -11 -10 -10 -9 -9 ------- Run | Yrd Mat Min Mat Min Maximum Alert Level 2 | . . . 2 . Low Security (%) 84 | 100 100 100 70 100 Level 1 12 | . . . 23 . Level 2 3 | . . . 5 . Level 3 . | . . . . . Level 4 . | . . . . . Level 5 . | . . . . . High Security . | . . . . . Max Security . | . . . . . Peak Influence 429 | 10 80 136 429 115 Initial 115 | . . . . 115 Average 78 | 1 17 34 129 42 Influence Increases 1627 | 25 370 177 1045 10 Destroy 0b10 Robot/C 820 | . 160 120 540 . Destroy 0b10 Robot/NC 225 | 25 30 15 155 . Destroy Leader 238 | . 36 20 182 . Allied During Kill 33 | . . 16 17 . Successful Hack 89 | . 39 . 50 . Disable Machine 75 | . 15 . 60 . Destroy Structure 42 | . . 6 26 10 Partial Spotted 15 | . 15 . . . Lose Combat Pursuer 90 | . 75 . 15 . Influence Decreases 1627 | 25 370 177 749 306 Entered New Map 181 | . . . . 181 Time Decay 1126 | 25 340 177 529 55 Lost Part 130 | . 30 . 30 70 Lost Ally 40 | . . . 40 . Purge Threat 150 | . . . 150 . Squads Dispatched 1 | . 1 . . . Investigation . | . . . . . Extermination . | . . . . . Reinforcement 1 | . 1 . . . Assault . | . . . . . Garrison . | . . . . . Intercept . | . . . . . Searches Triggered . | . . . . . Construction Impeded . | . . . . . Haulers Reinforced . | . . . . . Active Scanning Responses . | . . . . . Cargo Convoy Interrupts . | . . . . . Stealth | -11 -10 -10 -9 -9 --------- Run | Yrd Mat Min Mat Min Distress Signals 6 | . 2 . 4 . Communications Jammed . | . . . . . Distress Signals . | . . . . . Times Spotted 73 | . 20 6 36 11 Peak Tracking Total 8 | . 3 2 5 8 Tactical Retreats 5 | . 3 . 1 1 Traps | -11 -10 -10 -9 -9 ------- Run | Yrd Mat Min Mat Min Traps Triggered 2 | . . . 2 . Indirectly . | . . . . . Trap Hack Attempts . | . . . . . Triggered . | . . . . . Disarmed . | . . . . . Reprogrammed . | . . . . . Reused . | . . . . . Traps Extracted . | . . . . . Installed . | . . . . . Triggered . | . . . . . Machines | -11 -10 -10 -9 -9 ---------- Run | Yrd Mat Min Mat Min Machines Disabled 5 | . 1 . 4 . Max in Single Turn 1 | . 1 . 1 . Machines Repaired . | . . . . . Machines Dismantled . | . . . . . Machines Sabotaged . | . . . . . Overloaded Fab Kills . | . . . . . Hacking | -11 -10 -10 -9 -9 --------- Run | Yrd Mat Min Mat Min Machines Accessed 25 | . 9 . 16 . Terminals 18 | . 7 . 11 . Fabricators . | . . . . . Repair Stations 2 | . 1 . 1 . Recycling Units 3 | . 1 . 2 . Scanalyzers 2 | . . . 2 . Garrison Access . | . . . . . Total Hacks 101 | . 29 . 72 . Successful 62 | . 10 . 52 . Failed 38 | . 19 . 19 . Catastrophic 6 | . 3 . 3 . Database Lockouts 1 | . . . 1 . Manual 67 | . 23 . 44 . Terminals 73 | . 20 . 53 . Fabricators . | . . . . . Repair Stations 6 | . 3 . 3 . Recycling Units 12 | . 6 . 6 . Scanalyzers 10 | . . . 10 . Garrison Access . | . . . . . Terminal Hacks 29 | . 4 . 25 . Record 1 | . . . 1 . Part Schematic 3 | . . . 3 . Robot Analysis 11 | . 1 . 10 . Prototype ID Bank 3 | . 1 . 2 . Branch Access Points 1 | . . . 1 . Terminal Index 2 | . 1 . 1 . Alert Level 1 | . . . 1 . Unreport Threat 1 | . . . 1 . Locate Traps 4 | . 1 . 3 . Registered Components 1 | . . . 1 . Registered Prototypes 1 | . . . 1 . Fabricator Hacks . | . . . . . Repair Station Hacks 3 | . 2 . 1 . Scan Component 2 | . 1 . 1 . Repair 1 | . 1 . . . Recycling Unit Hacks 4 | . . . 4 . Report Inventory 2 | . . . 2 . Retrieve Components 2 | . . . 2 . Scanalyzer 10 | . . . 10 . Insert Component 5 | . . . 5 . Analyze 5 | . . . 5 . Garrison Access Hacks . | . . . . . Unauthorized Hacks 16 | . 4 . 12 . Terminals 13 | . 3 . 10 . Assimilate 3 | . 1 . 2 . Botnet 8 | . 1 . 7 . Operators 2 | . 1 . 1 . Fabricators . | . . . . . Repair Stations . | . . . . . Recycling Units 3 | . 1 . 2 . Reject 3 | . 1 . 2 . Scanalyzers . | . . . . . Garrison Access . | . . . . . Data Cores Recovered 1 | . . . 1 . Used . | . . . . . Hacking Detections 23 | . 9 . 14 . Full Trace Events 1 | . 1 . . . Feedback Events . | . . . . . Feedback Blocked . | . . . . . Robot Schematics Acquired . | . . . . . Robots Built . | . . . . . Authchips . | . . . . . Time . | . . . . . Total Robot Build Rating . | . . . . . Part Schematics Acquired 8 | . . . 8 . Parts Built . | . . . . . Authchips . | . . . . . Time . | . . . . . Total Part Build Rating . | . . . . . Parts Repaired 1 | . 1 . . . Time 26 | . 26 . . . Parts Recycled . | . . . . . Recycled Matter . | . . . . . Retrieved Matter . | . . . . . Retrieved Components 19 | . . . 19 . Parts Scanalyzed 5 | . . . 5 . Part Schematics Acquired 5 | . . . 5 . Parts Damaged . | . . . . . Bothacking | -11 -10 -10 -9 -9 ------------ Run | Yrd Mat Min Mat Min Used RIF Installer . | . . . . . Robots Hacked . | . . . . . Non-combat . | . . . . . Combat . | . . . . . Robot Hacks Applied . | . . . . . Relay Couplers Released . | . . . . . Fabnet Peak Effective % . | . . . . . Robots Rewired . | . . . . . Allies Hacked . | . . . . . Hacks Repelled . | . . . . . Allies | -11 -10 -10 -9 -9 -------- Run | Yrd Mat Min Mat Min Total Allies 4 | . 1 2 1 . Largest Group 3 | . 1 3 3 . Highest-Rated Group 52 | . 10 52 51 . Highest-Rated Ally 31 | . 10 31 31 . Total Orders 2 | . 2 . . . STAY 1 | . 1 . . . FOLLOW 1 | . 1 . . . Ally Attacks 19 | . . 1 18 . Total Damage 313 | . . . 313 . Kills 6 | . . . 6 . Allies Corrupted . | . . . . . Allies Melted . | . . . . . Intel | -11 -10 -10 -9 -9 ------- Run | Yrd Mat Min Mat Min Active Infowar (turns) 465 | 24 242 . 152 47 Optics 152 | . . . 152 . Terrain 47 | . . . . 47 Seismic 266 | 24 242 . . . Robot Analysis Total 11 | . 1 . 10 . Derelict Logs Recovered 1 | . . 1 . . Drone Launches . | . . . . . Drone Recoveries . | . . . . . Exploration | -11 -10 -10 -9 -9 ------------- Run | Yrd Mat Min Mat Min Turns Passed 5174 | 170 1414 725 2675 190 Spaces Moved 3843 | 82 1138 641 1865 117 Core 16 | 16 . . . . Treads . | . . . . . Legs . | . . . . . Wheels 3827 | 66 1138 641 1865 117 Hover . | . . . . . Flight . | . . . . . Fastest Speed 50 | 50 80 95 95 100 Average Speed 100 | 101 91 95 107 111 Slowest Speed 200 | 200 100 95 125 120 Overloaded Moves . | . . . . . Propulsion Burnouts . | . . . . . Robots Hopped . | . . . . . Potential Cave-ins 5 | . . 5 . . Cave-ins Triggered . | . . . . . Exploration Rate (%) 63 | 4 98 98 99 17 Regions Visited 4 Branch Regions 2 Pre-discovered Areas . | . . . . . Known Exits Taken 3 | . 1 1 1 . Unknown Exits Taken 1 | 1 . . . . Scrap Searched 2 | . . 2 . . Spaces Dug 26 | . . 4 22 . Terrain Destroyed 45 | . . 13 22 10 Melee 22 | . . . 22 . Projectile 13 | . . 13 . . AOE 10 | . . . . 10 Terrain Rammed . | . . . . . Walls Destroyed . | . . . . . Machines Disabled . | . . . . . Actions | -11 -10 -10 -9 -9 --------- Run | Yrd Mat Min Mat Min Total 4658 | 132 1384 692 2294 156 Wait 393 | 12 136 21 224 . Move 3839 | 81 1137 640 1864 117 Hop . | . . . . . Pick Up 43 | 8 15 2 13 5 Fast Attach 21 | 7 5 . 7 2 Attach 12 | . 2 . 3 7 Detach 3 | . . . 1 2 Swap 18 | . 4 1 12 1 Drop 34 | . 14 . 20 . Fire 271 | 24 71 28 127 21 Melee 23 | . . . 23 . Ram 1 | . . . . 1 Kick . | . . . . . Crush . | . . . . . Escape Stasis . | . . . . . Rewire . | . . . . . Trap . | . . . . . Miscellaneous . | . . . . . Route ------- -11/Scrapyard -10/Materials (discovered 5 exits: *Mat x3 / *Min / *Sub) -10/Mines (discovered 3 exits: *Mat x2 / *Sub) -9/Materials (discovered 4 exits: *Mat x3 / *Min) -9/Mines History --------- Turn | Location | Event 35 | -11/Scrapyard | Discovered new exit (range 16) 171 | -11/Scrapyard | Entered Materials 305 | -10/Materials | Build established: Mutant 715 | -10/Materials | Repaired Med. Laser 730 | -10/Materials | Discovered new exit (range 10) 895 | -10/Materials | Discovered new exit (range 13) 1018 | -10/Materials | Discovered new exit (range 13) 1071 | -10/Materials | Derelicts attacked the area 1237 | -10/Materials | Core integrity fell below 50% 1329 | -10/Materials | Discovered new exit (range 9) 1337 | -10/Materials | Identified exit to Subcaves 1410 | -10/Materials | Discovered new exit (range 10) 1418 | -10/Materials | Identified exit to Mines 1485 | -10/Materials | Identified exit to Materials 1585 | -10/Materials | Entered Mines 1585 | -10/Mines | Accompanied by 1 ally 1589 | -10/Mines | Discovered exit to Materials (range 5) 1896 | -10/Mines | Discovered exit to Materials (range 2) 2067 | -10/Mines | Learned Materials non-interactive machine intel 2073 | -10/Mines | Discovered exit to Subcaves (range 11) 2310 | -10/Mines | Entered Materials 2310 | -9/Materials | Accompanied by 2 allies 2310 | -9/Materials | Evolved 2 slots: Utility x2 2311 | -9/Materials | Loaded intel: 45 non-interactive machine locations 2315 | -9/Materials | Led the pair of lost Derelicts to an unsafe place 2699 | -9/Materials | Discovered new exit (range 11) 2719 | -9/Materials | Identified exit to Materials 2777 | -9/Materials | Build established: Hacker-Mutant 3273 | -9/Materials | Identified exit to Mines 3283 | -9/Materials | Discovered exit to Materials (range 16) 4364 | -9/Materials | Discovered exit to Materials (range 10) 4577 | -9/Materials | Central database locked down 4985 | -9/Materials | Entered Mines 4991 | -9/Mines | Assembled infested the area 5048 | -9/Mines | Core integrity fell below 50% 5100 | -9/Mines | Destroyed 7 combat bots 5102 | -9/Mines | Lost 7 parts (1p1n1u4w) 5168 | -9/Mines | Core integrity fell below 20% 5175 | -9/Mines | Destroyed by D-53 Grenadier with Mini Grenade Launcher Last Messages --------------- 05094_ Acquired 30 matter. 05097_ Acquired 10 matter. 05111_ Acquired 11 matter. 05113_ Acquired Wheel. 05117_ Acquired Mining Laser. 05120_ Acquired Imp. Terrain Scanner. 05126_ System corrupted: Matter fused (-5). 05139_ U-05 Engineer lays Concrete. 05141_ Acquired 29 matter. 05141_ U-05 Engineer lays Concrete. 05142_ U-05 Engineer builds a Wall. 05143_ Acquired Katana. 05145_ Acquired Imp. Aluminum Leg. 05146_ Acquired 12 matter. 05147_ U-05 Engineer lays Concrete. 05149_ U-05 Engineer builds a Wall. 05169_ The unstable cave ceiling collapses. 05169_ Imp. Terrain Scanner destroyed. 05172_ The unstable cave ceiling collapses. 05173_ Arm. Wheel destroyed. Map ----- +----------------------------------------------------+ | ???????????????????????????????? | | ???????????????????????????????? | | ???????????????????????????????? | | ???????????????????????????????? | | ???????????????????????????????? | | ???????????????????????????????? | | ???????????????????????????????? | | ???????????????????????????????? | | ???????????????????????????????? | | ???????????????????????????????? | | ???????????????????????????????? | | ???????????????????????????????? | | ???????? ?????### #???????????? | | ?????#???????? #???????????? | | ?????????????? # ??????????? | | ?????????????? % ??????????? | | ?????????????# % ??????????? | | ???????????## #?#?????????? | | ??????????## # ?????????? | | ????####### ?????????? | | ???## #???????????? | | ???# d% #???????????? | | ??## < #?????????????? | | ??# #????????????????? | | ??# d#????????????????? | | ??# @ #######??????????? | | ??# ### ##?????????? | | ?## ## ##????????? | | ??## # # ##???????? | | ??# ##??????? | | ??# #??????? | | ?# ##### #??????# | | ?# #### ## ## #??????? | | ?## ##### # ###### #??????? | | ??######?## ##???# #??????? | | ????###### ! ##### #??#???? | | ??### * #??????? | | ?## #??????? | | ?# # ##########??????? | | ?# ## # ###??#????????????? | | ?# ######?????????????????? | | ### ####??????????????????? | | ??### ##?????????????????? | | ????## #?????????????????? | | ?????# #?????????????????? | | ?????# #?????????????????? | | ?????## ##?????????????????? | | ??????#######??????????????????? | | ???????????????????????????????? | | ???????????????????????????????? | +----------------------------------------------------+ Best States ------------- Heat Dissipation 28 Energy Generation 14 Energy Capacity 280 Matter Stores 300 Matter Capacity 300 Sight Range 21 Terrain Scan Range 16 Terrain Scan Density 10 Armor Coverage 150 Evasion (%) 44 Offensive Hacking 10 Defensive Hacking 10 Item Schematics ----------------- Autogun | -9/Materials | Hacked Propulsion Shielding | -9/Materials | Hacked Arm. Wheel | -9/Materials | Hacked Enh. Autogun | -9/Materials | Scanalyzed Hacking Suite | -9/Materials | Scanalyzed System Shield | -9/Materials | Scanalyzed Nuclear Core | -9/Materials | Scanalyzed Lgt. Armor Plating | -9/Materials | Scanalyzed Robot Schematics ------------------ None Fabricated ------------ Nothing Repaired ---------- Med. Laser | 71% | -10/Materials Alien Tech Used ----------------- None Achievements -------------- None Challenges ------------ None Game ------ Seed ScatterLatentPick Manual? 0 Play Time 00:41:46 Cumulative 269.1 hours Start 2025.08.02 @ 19:02:01 End 2025.08.02 @ 19:59:48 Sessions 1 Manual Loads 0 Difficulty Rogue Special Mode None Game No. 244 Rogue 244 Adventurer 0 Explorer 0 Win Type - Total 1 Types 1/0/0/0/0/0/0/0/0/0 Lore% 64 Gallery% 62 Achievement% 48 Wizard Run 0 Options --------- Layout 2 ASCII 1 Keyboard 1 Movement Numpad Keybinds 0 Fullscreen 2 Font 32/TamsynBold Map View 50x44 Zoom Use 0% Tactical HUD 1 Map Filters NONE Filters NONE Steam 1 RUN: 70fa28bd-9ab2-46b0-ae98-b3e5e122d8e1